 Dungeon Crawl Stone Soup version 0.29-a0-885-gb26ba3297d (webtiles) character file.

Game seed: 11495709675414343026

98 jimonade the Magician (level 4, -4/32 HPs)
             Began as a Gnoll Hedge Wizard on July 21, 2022.
             Slain by Sigmund
             ... wielding a +0 scythe
              (5 damage)
             ... on level 3 of the Dungeon.
             The game lasted 00:06:14 (3347 turns).

jimonade the Magician (Gnoll Hedge Wizard)          Turns: 3347, Time: 00:06:14

Health: -4/32      AC:  2    Str: 12    XL:     4   Next: 69%
Magic:  11/13      EV: 13    Int: 13    God:
Gold:   75         SH:  0    Dex: 11    Spells: 11/17 levels left

rFire   . . .      SeeInvis .   a - +0 dagger
rCold   . . .      Faith    .   (no shield)
rNeg    . . .      Spirit   .   b - +0 robe
rPois   .          Reflect  .   c - +0 hat
rElec   .          Harm     .   (no cloak)
rCorr   .          Rampage  .   (no gloves)
Will    .....                   (no boots)
Stlth   ++........              (no amulet)
HPRegen 0.10/turn               (no ring)
MPRegen 0.13/turn               (no ring)

@: no status effects
A: fangs 1, strong nose, distributed training
a: no special abilities


You were on level 3 of the Dungeon.
You visited 1 branch of the dungeon, and saw 3 of its levels.

You collected 75 gold pieces.

Inventory:

Hand Weapons
 a - a +0 dagger (weapon)
 p - a +0 vorpal spear
Missiles
 q - 2 throwing nets
Armour
 b - a +0 robe (worn)
 c - a +0 hat (worn)
 u - a +0 leather armour
Magical Staves
 e - a staff of poison
Scrolls
 h - 2 scrolls of identify
 i - a scroll of blinking {unknown}
 l - a scroll of poison {unknown}
 m - a scroll of magic mapping {unknown}
 o - a scroll of fear {unknown}
 t - a scroll of immolation {unknown}
 v - a scroll of torment {unknown}
Potions
 d - 3 potions of magic
 f - 2 potions of brilliance {unknown}
 g - 2 potions of attraction
 j - a potion of lignification {unknown}
 k - a potion of haste {unknown}
 n - a potion of flight {unknown}
 r - 2 potions of heal wounds {unknown}
 s - a potion of invisibility {unknown}


   Skills:
 + Level 1.2 Fighting
 + Level 1.2 Short Blades
 + Level 1.2 Long Blades
 + Level 1.2 Axes
 + Level 1.2 Maces & Flails
 + Level 1.2 Polearms
 + Level 1.2 Staves
 + Level 1.2 Ranged Weapons
 + Level 1.2 Throwing
 + Level 1.2 Armour
 + Level 4.7 Dodging
 + Level 4.3 Stealth
 + Level 1.2 Shields
 + Level 1.2 Unarmed Combat
 + Level 7.2 Spellcasting
 + Level 2.3 Conjurations
 + Level 1.0 Hexes
 + Level 2.3 Summonings
 + Level 1.0 Necromancy
 + Level 2.3 Translocations
 + Level 1.0 Transmutations
 + Level 1.0 Fire Magic
 + Level 1.0 Ice Magic
 + Level 1.0 Air Magic
 + Level 1.0 Earth Magic
 + Level 1.0 Poison Magic
 + Level 1.4 Invocations
 + Level 1.2 Evocations


You had 11 spell levels left.
You knew the following spells:

 Your Spells              Type           Power      Damage    Failure   Level
a - Magic Dart            Conj           40%        1d5       6%          1
b - Blink                 Tloc           20%        N/A       9%          2
c - Call Imp              Summ           10%        N/A       9%          2
d - Slow                  Hex            28%        N/A       10%         1

Your spell library contained the following spells:

 Spells                   Type           Power      Damage    Failure   Level
 Conjure Flame            Conj/Fire      9%         6-21      22%         3
 Mephitic Cloud           Conj/Pois/Air  8%         N/A       24%         3
 Anguish                  Hex/Necr       3%         N/A       67%         4
 Enfeeble                 Hex            3%         N/A       100%        7


Dungeon Overview and Level Annotations

Branches:
Dungeon (3/15)

Altars:

Shops:
D:1 :

Annotations:
D:3 Natasha, Sigmund


Innate Abilities, Weirdness & Mutations

You have very sharp teeth.
Your uncanny sense of smell can sniff out nearby items.
Your experience applies equally to all skills.


Message History

Your white imp disappears in a puff of smoke!
Casting: Call Imp (safe; 9% risk of failure)
Confirm with . or Enter, or press ? or * to list all spells.
A shadowy apparition takes form in the air.
You swap places.
Sigmund casts a spell.
Sigmund flickers and vanishes!
Deactivating autopickup; reactivate with Ctrl-A.
A magic dart appears from out of thin air!
The magic dart hits your shadow imp. Something hits you!
You swap places.
You hear some strange, mumbled words.
You are confused.
There is a stone staircase leading down, spattered with blood here.
Are you sure you want to stumble around while confused and next to your shadow imp? [Y]es or [N]o only, please.
Are you sure you want to stumble around while confused and next to your shadow imp? [Y]es or [N]o only, please.
Are you sure you want to stumble around while confused and next to your shadow imp?
Okay, then.
Something hits you!
You climb downwards.
Your summoned ally is left behind.
Level annotation: Natasha Reactivating autopickup.
There is a stone staircase leading up here.
Deactivating autopickup; reactivate with Ctrl-A.
You closely miss something. Something barely misses you.
You bump into the rock wall.
You bump into the rock wall.
Something hits you.
Unknown command.
You closely miss something.
You feel less confused. Something hits you.
Unknown command.
You see here a frilled lizard corpse.
Something hits you!
* * * LOW HITPOINT WARNING * * *
Something hits you.
You die...

#. #.. . ###.# #. ### ##.#.# #..
..# ##PP#.# #.#######.# #.P.#.#
#......<#.# ###...#.# #.#
####.#..#{†#.# #.#..P#.#
#.#.#..........#.# #[#P..#.#
#.#.#.#........@.## #.#...#.#
#.#.#.#...........######.##..#.#
#.#.#.#..................###P#.#
#.#.#.#..>.##.....############.#
##.#.#...............#...........
...#.....#.###.#.#.#.#.##########
##.........# #.#.#.#.#.#
##.#.....#####.#.#.#.#.#####
...#.....##......#.#.......#


There were no monsters in sight!

Vanquished Creatures
  3 gnolls (D:3)
  An adder (D:2)
  2 dart slugs
  5 bats
  6 endoplasms
  A giant cockroach (D:3)
  3 goblins
  2 hobgoblins
  5 jackals
  4 quokkas
  8 ball pythons
  8 frilled lizards
  6 kobolds
  4 rats
58 creatures vanquished.

Notes
Turn   | Place    | Note
-------+----------+-------------------------------------------
     0 | D:1      | jimonade the Gnoll Hedge Wizard began the quest for the
                  | Orb.
     0 | D:1      | Reached XP level 1. HP: 13/13 MP: 8/8
   241 | D:1      | Reached XP level 2. HP: 19/19 MP: 7/10
   380 | D:1      | Found a faded altar of an unknown god.
   576 | D:1      | Found Melleef's Book Emporium.
   879 | D:1      | Reached XP level 3. HP: 25/25 MP: 9/11
  1373 | D:2      | Reached skill level 1 in Invocations
  1714 | D:2      | Noticed Sigmund
  1734 | D:1      | Reached skill level 1 in Fighting
  1734 | D:1      | Reached skill level 1 in Short Blades
  1734 | D:1      | Reached skill level 1 in Long Blades
  1734 | D:1      | Reached skill level 1 in Axes
  1734 | D:1      | Reached skill level 1 in Maces & Flails
  1734 | D:1      | Reached skill level 1 in Polearms
  1734 | D:1      | Reached skill level 1 in Staves
  1734 | D:1      | Reached skill level 1 in Ranged Weapons
  1734 | D:1      | Reached skill level 1 in Throwing
  1734 | D:1      | Reached skill level 1 in Armour
  1734 | D:1      | Reached skill level 1 in Shields
  1734 | D:1      | Reached skill level 1 in Unarmed Combat
  1734 | D:1      | Reached skill level 1 in Evocations
  1954 | D:3      | Reached XP level 4. HP: 32/32 MP: 5/13
  2421 | D:3      | Noticed Natasha
  2450 | D:2      | Reached skill level 1 in Hexes
  2450 | D:2      | Reached skill level 1 in Necromancy
  2450 | D:2      | Reached skill level 1 in Transmutations
  2450 | D:2      | Reached skill level 1 in Fire Magic
  2450 | D:2      | Reached skill level 1 in Ice Magic
  2450 | D:2      | Reached skill level 1 in Air Magic
  2450 | D:2      | Reached skill level 1 in Earth Magic
  2450 | D:2      | Reached skill level 1 in Poison Magic
  3165 | D:3      | Learned a level 2 spell: Blink
  3168 | D:3      | Learned a level 2 spell: Call Imp
  3170 | D:3      | Learned a level 1 spell: Slow
  3346 | D:3      | HP: 1/32 [something (11)]
  3347 | D:3      | Slain by Sigmund

Illustrated notes

Levels and vault maps discovered:
D:1:      onia_arrival_pyramid, layout_basic, shapermc_ecumenical_altar_gd,
          serial_shops, nicolae_shop_crystal
D:2:      layout_loops_ring, kennysheep_flooded_box, nrook_mini_backslash,
          nicolae_titane, uniq_sigmund
D:3:      layout_basic, serial_aquarium, aquarium_bridge_straight
          [aquarium_subvault_bridge, aquarium_subvault_wall,
          aquarium_subvault_bridge, aquarium_subvault_wall], aquarium_window_1,
          aquarium_window_2, aquarium_view_2b, uniq_natasha

Skill      XL: |  1  2  3  4 |
---------------+-------------+-----
Conjurations   | 2 |  2.3
Summonings     | 2 |  2.3
Translocations | 2 |  2.3
Invocations    | 1 |  1.4
Fighting       | 1 |  1.2
Short Blades   | 1 |  1.2
Long Blades    | 1 |  1.2
Axes           | 1 |  1.2
Maces & Flails | 1 |  1.2
Polearms       | 1 |  1.2
Staves         | 1 |  1.2
Ranged Weapons | 1 |  1.2
Throwing       | 1 |  1.2
Armour         | 1 |  1.2
Shields        | 1 |  1.2
Unarmed Combat | 1 |  1.2
Evocations     | 1 |  1.2
Hexes          | 1 |  1.0
Necromancy     | 1 |  1.0
Transmutations | 1 |  1.0
Fire Magic     | 1 |  1.0
Ice Magic      | 1 |  1.0
Air Magic      | 1 |  1.0
Earth Magic    | 1 |  1.0
Poison Magic   | 1 |  1.0
Dodging        | |  4.7
Stealth        | |  4.3
Spellcasting   | |  7.2

Action                   |  1- 3 |  4- 6 || total
-------------------------+-------+-------++-------
Melee: Dagger            |     5 |     2 ||     7
 Cast: Magic Dart        |   110 |    64 ||   174
       Call Imp          |       |     3 ||     3
  Use: Scroll            |     1 |       ||     1
Armor: Robe              |     9 |     4 ||    13
Dodge: Dodged            |    31 |    19 ||    50

Table legend: (Time is in decaauts)
 A = Elapsed time spent in this place.
 B = Non-inter-level travel time spent in this place.
 C = Inter-level travel time spent in this place.
 D = Time resting spent in this place.
 E = Time spent auto-exploring this place.
 F = Levels seen in this place.
 G = Mean time per level.
                   A        B        C        D        E       F      G
               +--------+--------+--------+--------+--------+-----+--------+
         Total |   3351 |   3261 |     90 |    139 |   2668 |   3 | 1117.0 |
       Dungeon |   3351 |   3261 |     90 |    139 |   2668 |   3 | 1117.0 |
               +--------+--------+--------+--------+--------+-----+--------+

Top non-repeatable levels by time:
     D:1: 1355 daAuts
     D:3: 1083 daAuts
     D:2: 912 daAuts
